[Event "EU-ch 12th"]
[Site "Aix les Bains"]
[Date "2011.03.24"]
[Round "3"]
[White "Raznikov, Danny"]
[Black "Jobava, Baadur"]
[Result "1/2-1/2"]
[ECO "A70"]
[WhiteElo "2384"]
[BlackElo "2707"]
[Annotator "Marchand,A/Primel,D"]
[PlyCount "83"]
[EventDate "2011.03.22"]
[EventType "swiss"]
[EventRounds "11"]
[EventCountry "FRA"]
[SourceTitle "CBM 142 Extra"]
[Source "ChessBase"]
[SourceDate "2011.06.27"]
[SourceVersion "1"]
[SourceVersionDate "2011.06.27"]
[SourceQuality "1"]
[TimeControl "40/5400+30:1800+30"]

1. d4 Nf6 2. c4 e6 3. Nf3 c5 4. d5 exd5 5. cxd5 g6 6. Nc3 Bg7 7. e4 O-O 8. Bd3
d6 9. h3 a6 (9... b5 {[%csl Re1,Re4] La grande ligne} 10. Nxb5) 10. a4 Nbd7 11.
O-O Nh5 12. Bg5 Bf6 13. Bh6 (13. Be3 Re8 14. Re1) 13... Re8 ({RR} 13... Bg7 14.
Bxg7 Kxg7 15. Qd2 Qf6 16. Ne2 Re8 17. Qc3 Qxc3 18. bxc3 Nb6 19. Nd2 c4 20. Bxc4
Nxc4 21. Nxc4 Rxe4 22. Nd4 Nf4 23. Nb6 Rb8 24. Rfe1 Re5 25. Nf3 Re2 26. Rxe2
Nxe2+ 27. Kf1 Nf4 28. Nd4 {Granda Zuniga,J (2644)-Gashimov,V (2740)/Ourense
2009/EXT 2010/1-0 (55)}) 14. Re1 Rb8 15. Be2 Ng7 $146 ({RR} 15... Bg7 16. Bg5
Qc7 17. Nd2 h6 18. Be3 Nhf6 19. Bf4 Ne5 20. Nc4 Nxc4 21. Bxc4 Nd7 22. Bf1 Ne5
23. Be3 g5 24. Qc2 f5 25. exf5 Qf7 26. Qd2 Bxf5 27. f4 gxf4 28. Bxf4 Qg6 29.
Kh1 Kh8 30. Bh2 {Olarasu,G (2415)-Georgiev,K (2655)/Bad Woerishofen 2002/EXT
2003/0-1 (33)}) (15... Bxc3 16. bxc3 Rxe4 17. Nd2 $44 ) 16. Bf4
Nf8 17. Nd2 g5 18. Bh2 Ng6 19. Nc4 Nf4 20. Bg4 b5 21. axb5 axb5 22. Na5 b4 23.
Nc6 bxc3 $3 {Un joli sacrifice de Q} 24. Nxd8 cxb2 25. Rb1 Rxd8 26. Bxf4 gxf4
27. Bxc8 Rdxc8 $44 28. e5 $1 Bxe5 29. Rxe5 $1
dxe5 30. Qe2 f3 $1 31. Qxe5 (31. Qxf3 $2 c4 $40 ) 31... Re8 32.
Qc3 Re2 33. Qxf3 $6 {Il fallait laisser la Q sur la colonne "c"} (33. Kf1)
33... Rc2 $1 34. Qd1 Rc4 35. Qd2 Rcb4 36. Qc3 R4b5 37. h4 (37.
d6 Ne6) 37... h5 38. d6 Ne6 39. Kh2 R5b6 40. Qc2 (40. Qg3+) 40... Rb5 41. g3 c4
42. Qc3 1/2-1/2

[Event "Belgrade RAD 30"]
[Site "Belgrade"]
[Date "1977.01.20"]
[Round "5.7"]
[White "Bukic, Enver"]
[Black "Velimirovic, Dragoljub"]
[Result "1/2-1/2"]
[ECO "A70"]
[WhiteElo "2480"]
[BlackElo "2525"]
[Annotator "Primel,D"]
[PlyCount "148"]
[EventDate "1977.01.15"]
[EventType "tourn"]
[EventRounds "13"]
[EventCountry "SRB"]
[EventCategory "9"]
[SourceTitle "EXT 2010"]
[Source "ChessBase"]
[SourceDate "2010.11.25"]
[SourceVersion "1"]
[SourceVersionDate "2010.11.25"]
[SourceQuality "1"]
[TimeControl "40/9000:16/5400:0"]

1. d4 Nf6 2. c4 c5 3. d5 e6 4. Nc3 exd5 5. cxd5 d6 6. Nf3 g6 7. Bf4 a6 8. a4
Bg7 9. e4 O-O 10. Nd2 Nh5 11. Be3 Bd4 $146 (11... Nd7 12. Be2 Ne5 13. O-O Qh4
14. f4 Ng4 15. Bxg4 Bxg4 16. Qe1 Qe7 17. Qf2 Rfe8 18. Rae1 b5 19. axb5 axb5 20.
Nxb5 Rab8 21. Na3 Bc8 22. e5 dxe5 23. fxe5 Qd7 24. Ndc4 Ba6 25. Bxc5 Bxc4 26.
Nxc4 Qxd5 27. Nb6 Qe6 28. Bd6 Rb7 29. Na4 Qc4 30. Nc5 Ra7 31. Re4 Qd5 32. g4
Bxe5 33. Bxe5 Rxe5 34. Rxe5 Qxe5 35. Nd3 Qe7 36. gxh5 Rd7 37. Nf4 Qb4 38. h6
Rd2 39. Qe3 {1-0 (39) Vukic,M (2510)-Hulak,K (2470) Banja Luka 1976}) (11... f5
) 12. Nc4 Bxe3 13. Nxe3 Nd7 14. g3 Rb8 15. a5 Ng7 16. Bg2 f5 17. O-O Nf6 18.
exf5 Nxf5 19. Nxf5 Bxf5 20. Qd2 Re8 21. h3 h5 22. Qf4 (22. Qh6 $5 {Inf 23/128})
22... Qd7 23. Rfe1 Kg7 24. Kh2 Re7 25. Na4 Rbe8 26. Nb6 Qc7 27. Rxe7+ Rxe7 28.
Ra3 $5 Be4 29. Re3 Bxg2 30. Kxg2 Re5 $132 31. Rxe5 dxe5 32. Qc4
Qd6 (32... Ne8 33. Na4 ) 33. Na4 Nxd5 34. Qxc5 Qe6
35. Nc3 Nxc3 36. Qxc3 Qd5+ 37. Kg1 Kf6 38. Qc7 Kf5 39. Qc8+ Ke4 40. Qc3 Qd3 41.
Qb4+ Kf3 42. Qxb7+ e4 43. Qb6 Qd1+ 44. Kh2 Qe1 45. Qf6+ Ke2 46. Qxa6+ Kxf2 47.
Qf6+ Ke3 48. Qc3+ Qxc3 49. bxc3 Kd3 50. a6 e3 51. a7 e2 52. a8=Q e1=Q 53. Qa6+
Kd2 54. Qa2+ Kd3 (54... Kxc3 55. Qa5+) 55. Qd5+ Kc2 56. c4 Kb3 57. c5+ Kb4 58.
c6 Qe2+ 59. Qg2 Qc4 60. c7 Qxc7 $11 61. Qb2+ Ka5 62. Qa2+ Kb6 63. Qb1+ Kc6 64.
Qxg6+ Qd6 65. Qe8+ Kc7 66. Qf7+ Kd8 67. Qf4 Qd5 68. g4 hxg4 69. hxg4 Ke7 70.
Qe3+ Kf7 71. Qf4+ Kg6 72. Qe3 Qc4 73. Kh3 Qd5 74. Qe8+ Kg7 1/2-1/2